Map: Deathaura LE

Players

RogZardo

  • Race: Terran Terran
  • League: Diamond
  • Spawn Location: 5:00

Heeebster - Winner!

  • Race: Protoss Protoss
  • League: Diamond
  • Spawn Location: 11:00

VOD

Have the link to the VOD?

Description

Time

  • Played on: Nov. 16, 2020, 7:40 p.m.
  • Length: 5:09
Show
View Real Time Build Order
Export as new Build Order

RogZardo Terran 

Build Orders: Reaper Expand 

Get SALT Encoding   

  12  0:00  SCV  
  13  0:12  SCV  
  14  0:17  Supply Depot  
  14  0:24  SCV  
  15  0:38  SCV  
  15  0:40  Barracks  
  16  0:45  Refinery  
  16  0:50  SCV  
  17  1:02  SCV  
  18  1:15  SCV  
  19  1:27  Orbital Command  
  19  1:28  Reaper  
  20  1:49  Command Center  
  20  1:53  SCV  
  21  1:54  Supply Depot  
  21  2:00  Marine  
  22  2:08  SCV, Engineering Bay  
  23  2:20  Factory, SCV  
  24  2:23  Marine  
  25  2:34  SCV  
  26  2:40  Refinery  
  26  2:45  Barracks Reactor  
  26  2:47  Supply Depot, SCV  
  27  2:53  Bunker  
  27  2:59  SCV  
  27  3:02  Orbital Command  
  28  3:11  Widow Mine, SCV  
  31  3:23  SCV  
  31  3:25  Marine x2, Bunker  
  33  3:28  SCV  
  34  3:35  SCV  
  34  3:37  Factory Tech Lab  
  35  3:43  SCV, Barracks  
  35  3:45  Marine  
  35  3:46  Starport, Marine  
  38  3:57  Siege Tank  
  38  3:58  SCV x2  
  43  4:03  Marine  
  44  4:10  SCV  
  44  4:13  SCV  
  44  4:14  Marine  
  47  4:21  Marine, Supply Depot  
  47  4:22  SCV  
  49  4:35  Marine  
  46  4:40  Starport Tech Lab  
  45  4:46  Marine x2  
  43  4:54  SCV x2  
  31  5:04  Supply Depot  
Show
View Real Time Build Order
Export as new Build Order

Heeebster Protoss - Winner!

Build Orders: Dark Templar Rush 

Get SALT Encoding   

  12  0:00  Probe  
  13  0:13  Pylon  
  13  0:16  Probe (Chrono Boost)  
  14  0:26  Probe (Chrono Boost)  
  15  0:33  Gateway  
  15  0:35  Probe  
  15  0:42  Assimilator  
  16  0:48  Probe  
  17  0:51  Assimilator  
  17  1:00  Probe  
  18  1:12  Probe  
  19  1:20  Cybernetics Core  
  19  1:23  Pylon  
  19  1:24  Probe  
  20  1:35  Pylon  
  20  1:37  Probe  
  21  1:49  Probe  
  22  2:00  Twilight Council  
  22  2:02  Probe  
  22  2:04  Stalker  
  22  2:06  Warp Gate (Chrono Boost)  
  25  2:34  Stalker  
  27  2:40  Dark Shrine  
  27  2:49  Charge (Chrono Boost), Gateway  
  27  2:52  Gateway  
  27  3:03  Gateway  
  27  3:31  Pylon  
  27  3:42  Pylon  
  27  4:00  Dark Templar x2  
  27  4:01  Dark Templar  
  27  4:02  Zealot  
  35  4:09  Pylon  
  35  4:24  Zealot  
  37  4:44  Dark Templar  
  37  4:45  Zealot x3  
Tags
 
Add a new tag
Caveats
  • Supply blocks, unpowered buildings, or Contaminate may cause inaccurate times.
  • Supply counts are checked every 10 seconds.